 Dungeon Crawl Stone Soup version 0.15-a0-1309-g3520d71 (webtiles) character file.

114 Chiseanne the Sneak (level 4, -1/25 HPs)
             Began as a Vine Stalker Wanderer on June 7, 2014.
             Killed from afar by an orc wizard (7 damage)
             ... with a magic dart
             ... on Level 3 of the Dungeon.
             The game lasted 00:06:47 (1635 turns).

Chiseanne the Sneak (Vine Stalker Wanderer)         Turns: 1635, Time: 00:06:47

HP  -1/25        AC  6     Str 12 (15) XL: 4   Next: 97%
MP   0/5         EV  9     Int 12      God:
Gold 151         SH  0     Dex 14      Spells:  0 memorised,  3 levels left

rFire  . . .     SeeInvis .     a - +2 quarterstaff
rCold  . . .     Clarity  .     k - +0 ring mail
rNeg   . . .     rCorr    .     (no shield)
rPois  .         rRot     +     (no helmet)
rElec  .         Spirit   +     l - +0 cloak
SustAb .         Warding  .     (no gloves)
rMut   .         Stasis   .     (no boots)
Gourm  .                        (no amulet)
MR     .....                    (no ring)
                                t - ring of stealth

@: not resistant to hostile enchantments, fairly stealthy
A: fangs 2, regeneration 1, magic shield, antimagic bite, no device heal 3, rot
immunity
a: no special abilities


You were on level 3 of the Dungeon.
You were hungry.

You visited 1 branch of the dungeon, and saw 3 of its levels.

You collected 151 gold pieces.

Inventory:

Hand weapons
 a - a +2,+2 quarterstaff (weapon)
 p - a +0 blowgun
Missiles
 q - 8 poisoned needles
Armour
 k - a +0 ring mail (worn)
 l - a +0 cloak (worn)
Comestibles
 d - a royal jelly
 f - 3 bread rations
 i - a meat ration
 r - 2 chunks of hobgoblin flesh
 s - a beef jerky
Scrolls
 c - 3 scrolls of identify {unknown}
 e - 3 scrolls of immolation {unknown}
 g - a scroll of blinking {unknown}
 j - a scroll of enchant weapon I {unknown}
 m - a scroll of random uselessness {unknown}
 n - a scroll of teleportation {unknown}
Jewellery
 t - a ring of stealth (left hand)
Potions
 b - a potion of lignification


   Skills:
 * Level 3.6 Fighting
   Level 1.0 Polearms
 * Level 2.8 Staves
 * Level 1.8 Dodging
 * Level 4.3 Stealth


You had 3 spell levels left.
You didn't know any spells.

Dungeon Overview and Level Annotations

Branches:
Dungeon (3/15)

Altars:
Dithmenos


Innate Abilities, Weirdness & Mutations

You have extremely sharp teeth.
Your natural rate of healing is unusually fast.
When hurt, damage is shared between your health and your magic reserves.
Your bite disrupts and absorbs the magic of your enemies.
Potions and wands cannot restore your health.
You are immune to rotting.


Message History

The orc wizard's eyes start to glow.
The orc priest becomes somewhat translucent.
You hit the orc wizard. Your bite misses the orc wizard.
The orc wizard is heavily wounded.
The orc wizard hits you but does no damage.
The orc hits you but does no damage.
The orc priest calls upon Beogh to heal the orc wizard.
The orc wizard is healed somewhat.
The orc wizard hits you but does no damage.
Drink which item? (? for menu, Esc to quit)
There was something very wrong with that liquid!
You feel weakened.
It was a potion of degeneration.
The orc wizard closely misses you.
The orc hits you from afar with a trident.
* * * LOW HITPOINT WARNING * * *
Drink which item? (? for menu, Esc to quit)
You feel better.
It was a potion of curing.
The orc wizard points at you and mumbles some strange words.
The magic dart hits you!
You die...

>...# #### ....#######
... #### .......... ...
... ..<.### <# o. ..
.>..# ##.# #.##.#
#.).###..# .o.o#
#.#..##.##### #..##
#.#.%.......#######...###
........<.......@oo.....#
#.####).###.######o####.#
#.# #..## #..####..# ..
#.# #.## ##.)%##.## .
#.###.# ###(...# #.##..#
#.......# #.##.##
#.#####...# .....# #..
..## ..#### #.# .#


You could see an orc priest, an orc wizard and an orc.

Vanquished Creatures
  3 adders
  A giant mite (D:2)
  2 worms
  3 orcs (D:3)
  A ball python (D:1)
  8 bats
  2 giant cockroaches
  10 hobgoblins
  5 jackals (D:1)
  6 kobolds
  A giant gecko (D:1)
  8 giant newts
  7 goblins
  7 rats
64 creatures vanquished.

Notes
Turn   | Place    | Note
--------------------------------------------------------------
     0 | D:1      | Chiseanne, the Vine Stalker Wanderer, began the quest for the Orb.
     0 | D:1      | Reached XP level 1. HP: 11/11 MP: 1/1
   293 | D:1      | Reached XP level 2. HP: 16/16 MP: 3/3
   573 | D:1      | Reached XP level 3. HP: 20/20 MP: 4/4
   636 | D:1      | Reached skill level 4 in Stealth
   947 | D:2      | Reached XP level 4. HP: 20/24 MP: 3/5
  1410 | D:3      | Found a shadowy altar of Dithmenos.
  1635 | D:3      | Killed from afar by an orc wizard

Action                   |  1- 3 |  4- 6 || total
-------------------------+-------+-------++-------
Melee: Quarterstaff      |    80 |    67 ||   147
  Use: Potion            |       |     2 ||     2
 Stab: Sleeping          |     2 |     1 ||     3
